 Dungeon Crawl Stone Soup version 0.31.0-32-g396128a36d (webtiles) character file.

Game seed: 5004507868589444711

49872 adizb the Fencer (level 14, -2/86 HPs)
             Began as a Tengu Gladiator on Mar 18, 2024.
             Was a High Priest of the Shining One.
             Slain by a dream sheep (29 damage)
             ... on level 4 of the Lair of Beasts.
             The game lasted 01:38:57 (13032 turns).

adizb the Fencer (Tengu Gladiator)                 Turns: 13032, Time: 01:38:57

Health: -2/86      AC: 13    Str: 15    XL:     14   Next: 52%
Magic:  20/20      EV:  2    Int:  9    God:    the Shining One [*****.]
Gold:   1209       SH:  0    Dex: 20    Spells: 13/13 levels left

rFire   . . .        h - +5 double sword (heavy)
rCold   . . .        (no shield)
rNeg    + + .        K - +3 ring mail {Will+}
rPois   .            c - +1 hat
rElec   .            E - +1 cloak
rCorr   .            (no gloves)
SInv    .            (boots unavailable)
Will    +++..        O - amulet of reflection
Stlth   +            l - ring of willpower
HPRegen 0.34/turn    (no ring)
MPRegen 0.17/turn

%: reflection, acrobat
@: lethally poisoned (-2 -> -5), sleeping, flying, glowing
A: beak, talons 3, evasive flight, acrobatic
a: Renounce Religion, Divine Shield, Cleansing Flame, Summon Divine Warrior


You were on level 4 of the Lair of Beasts.
You worshipped the Shining One.
The Shining One was extremely pleased with you.
You visited 2 branches of the dungeon, and saw 18 of its levels.
You also visited: Sewer.

You collected 1209 gold pieces.

Inventory:

Hand Weapons
 h - a +5 heavy double sword (weapon)
 R - a +4 heavy long sword
 X - a +3 scimitar of flaming
Missiles
 d - 4 throwing nets
 k - 17 poisoned darts
 v - 6 datura-tipped darts
 w - 6 boomerangs (quivered)
 C - 7 javelins
 U - 3 curare-tipped darts
Armour
 c - a +1 hat (worn)
 E - a +1 cloak (worn)
 J - +0 steam dragon scales
 K - a +3 ring mail of willpower (worn)
 M - a +1 scale mail of cold resistance
 S - a +3 ring mail
Jewellery
 l - a ring of willpower (left hand)
 O - an amulet of reflection (around neck)
 W - an amulet of guardian spirit
Wands
 r - a wand of quicksilver (5)
 u - a wand of polymorph (35)
 G - a wand of iceblast (16)
 I - a wand of paralysis (4)
 P - a wand of flame (8)
Scrolls
 e - a scroll of enchant armour
 j - a scroll of vulnerability
 o - 2 scrolls of fear
 p - 2 scrolls of teleportation
 s - 3 scrolls of blinking
 x - 5 scrolls of identify
 A - 4 scrolls of immolation
 F - 4 scrolls of noise
 N - a scroll of silence
 Q - a scroll of fog
Potions
 a - 3 potions of attraction
 b - a potion of ambrosia
 f - 3 potions of enlightenment
 g - 3 potions of haste
 m - 2 potions of lignification
 q - 2 potions of magic
 z - 2 potions of berserk rage
 B - a potion of brilliance
 D - 2 potions of might
 L - 4 potions of curing
Miscellaneous
 n - a lightning rod (4/4)
 T - a sack of spiders


   Skills:
 + Level 9.5 Fighting
 + Level 16.9 Long Blades
 - Level 2.0 Throwing
 * Level 9.7 Armour
 * Level 10.3 Dodging
 + Level 7.6 Invocations
 + Level 7.5 Evocations


You had 13 spell levels left.
You didn't know any spells.
Your spell library contained the following spells:

 Spells                   Type           Power      Damage    Failure   Level
 Apportation              Tloc           0%         N/A       56%         1
 Necrotise                Necr           0%         1d4       56%         1
 Sting                    Conj/Alch      0%         1d3       56%         1
 Summon Small Mammal      Summ           0%         N/A       56%         1
 Cigotuvi's Dreadful Rot  Necr/Alch/Air  0%         N/A       71%         2
 Jinxbite                 Hex            0%         N/A       71%         2
 Hailstorm                Conj/Ice       0%         3d5       91%         3
 Summon Ice Beast         Ice/Summ       0%         N/A       91%         3
 Volatile Blastmotes      Fire/Tloc      0%         2d10      91%         3
 Fulminant Prism          Conj/Alch      0%         3d5       100%        4
 Ignite Poison            Fire/Alch      0%         N/A       100%        4
 Iskenderun's Mystic Bla  Conj/Tloc      0%         2d3       100%        4
 Freezing Cloud           Conj/Ice/Air   0%         6-21      100%        5
 Yara's Violent Unravell  Hex/Alch       0%         3d3       100%        5
 Sculpt Simulacrum        Ice/Alch       0%         N/A       100%        6
 Enfeeble                 Hex            0%         N/A       100%        7


Dungeon Overview and Level Annotations

Branches:
Dungeon (13/15)            Temple (0/1) D:6            Lair (5/5) D:10
 Shoals (0/4) Lair:3        Snake (0/4) Lair:3          Orc (0/2) D:9
  Sewer (visited)
  Slime: Lair:4-5    Vaults: D:13-14

Altars:
Ashenzari
Kikubaaqudgha
Okawaru
Sif Muna
Uskayaw
Vehumet
Xom
Zin
The Shining One

Shops:
D:5 *

Annotations:
D:4 1 runed translucent door
Lair:1 3 runed translucent doors, Frisbee's ghost, journeyman OpSh
Lair:2 brilapsti's ghost, journeyman TrFi


Innate Abilities, Weirdness & Mutations

You have a beak for a mouth.
You have claws for feet.
Your magical flight helps you evade attacks. (EV +4)
You can magically evade attacks while moving or waiting.


Message History

You stop ascending the stairs.
The dream sheep headbutts you!
You wake up.
The cane toad stings you but does no damage.
The komodo dragon bites you but does no damage.
The dream sheep closely misses you. The dream sheep headbutts you.
The dream sheep headbutts you!
The cane toad stings you but does no damage.
You fly upwards.
There is a stone staircase leading down here.
You slash the dream sheep!
The dream sheep is almost dead.
The cane toad stings you!
You are poisoned.
The cane toad poisons you! The dream sheep headbutts you!
The dream sheep closely misses you. You block the dream sheep's attack.
The komodo dragon bites the plant.
The plant begins to die.
You chop the dream sheep into pieces!!!
You kill the dream sheep!
You feel very sick. The cane toad misses you. The dream sheep headbutts you.
The dream sheep ruffle their wool and motes of dream dust sparkle, to no effect.
The komodo dragon hisses menacingly.
The komodo dragon bites the bush.
You feel very sick.
The dream sheep ruffle their wool and motes of dream dust sparkle, to no effect. x2
The cane toad closely misses you.
You feel very sick.
The dream sheep attacks as it pursues you!
The dream sheep closely misses you.
The dream sheep headbutts the bush but does no damage.
The cane toad stings the bush!
You feel sick.
The dream sheep attacks as it pursues you!
The dream sheep completely misses you.
The komodo dragon bites the bush!
You feel sick.
A nearby plant withers and dies.
The dream sheep attacks as it pursues you!
The dream sheep completely misses you.
The dream sheep shake their wool and sparkle.
You feel drowsy...
You fall asleep.
You feel sick. The dream sheep headbutts you!!
You die...

..............P.... ##....#...
...##..........##..#######.......
.###..........###....#.##........
#.##............##P.[....#.......
#..............###P.............
#.#......♣♣.......#..............
# #.....♣........♣♣....##....(...
#P..........♣.♣##...###..(P(..#
##.......P.P.Y@......##..(.....
##.......Yl.F.P#....#.........
###.....†P.......#####.....P[
##......♣.♣......#....##.##
##♣.......♣......#.#.#####
###...♣...♣♣.......[...#
#.#.(.................## ##
##.....................#
.####.....................##


You could see a komodo dragon, a cane toad and 2 dream sheep.

Vanquished Creatures
  3 hydras (Lair:3)
  A centaur warrior (D:12)
  A catoblepas (Lair:4)
  A boulder beetle (D:12)
  Erica (Lair:2)
  Urug (D:11)
  Nergalle (Lair:3)
  Sonja (D:10)
  2 skysharks (Lair:3)
  Lodul (D:11)
  A flayed ghost (D:12)
  Pikel (D:5)
  The ghost of BillyBaka the Skirmisher, a novice FoHu (D:4)
  A cyclops (D:11)
  An ugly thing (D:12)
  A salamander (Lair:3)
  2 manticores
  6 elephants
  Joseph (D:7)
  9 cane toads
  A torpor snail (Lair:4)
  A rime drake (Lair:2)
  4 kobold demonologists
  A freezing wraith (D:12)
  4 komodo dragons
  A polar bear (Lair:4)
  Grinder (D:4)
  A hornet (D:9)
  12 blink frogs
  4 dream sheep (Lair:4)
  6 slime creatures (D:12)
  A spriggan (Lair:4)
  2 wyverns (D:10)
  17 yaks
  A spriggan (shapeshifter) (D:12)
  5 basilisks
  Grum (D:10)
  3 vampires
  A golden eye (shapeshifter) (D:12)
  2 steam dragons (D:8)
  3 vampire mosquitoes (D:12)
  Edmund (D:4)
  An acid dragon (D:11)
  Duvessa (D:4)
  14 water moccasins
  Pargi (Sewer)
  10 orc warriors
  An ice beast (D:8)
  A sky beast (D:6)
  3 black bears
  10 ogres
  10 wolves
  3 centaurs
  2 lemures (D:5)
  3 kobold brigands
  12 bullfrogs
  2 gnoll sergeants (D:8)
  5 scorpions
  4 wights (D:6)
  Dowan (D:4)
  3 killer bees (D:10)
  2 howler monkeys
  7 electric eels
  2 bombardier beetles
  4 lava snakes (Lair:3)
  Crazy Yiuf (D:6)
  7 orc priests
  A hound (D:4)
  4 jellies
  2 iguanas (D:5)
  13 orc wizards
  9 adders
  13 gnolls
  2 river rats (D:4)
  A shadow imp (D:7)
  2 white imps
  2 ufetubi (D:6)
  2 dart slugs
  3 ribbon worms
  40 orcs
  8 endoplasms
  10 giant cockroaches
  6 goblins
  16 hobgoblins
  6 jackals
  15 kobolds
  6 quokkas
  2 ball pythons
  3 bats
  6 frilled lizards
  7 rats
399 creatures vanquished.

Vanquished Creatures (collateral kills)
  3 yaks (Lair:1)
3 creatures vanquished.

Grand Total: 402 creatures vanquished

Notes
Turn   | Place    | Note
-------+----------+-------------------------------------------
     0 | D:1      | adizb the Tengu Gladiator began the quest for the Orb.
     0 | D:1      | Reached XP level 1. HP: 12/12 MP: 2/2
   249 | D:1      | Reached XP level 2. HP: 17/17 MP: 3/3
  1046 | D:2      | Reached XP level 3. HP: 22/22 MP: 4/4
  1305 | D:2      | Reached skill level 1 in Armour
  1386 | D:2      | Reached skill level 4 in Long Blades
  1591 | D:3      | Reached XP level 4. HP: 27/27 MP: 5/5
  1782 | D:3      | Found a glowing drain.
  1797 | Sewer    | Entered a sewer
  1856 | Sewer    | Noticed Pargi
  1870 | Sewer    | Killed Pargi
  1871 | Sewer    | Reached XP level 5. HP: 20/32 MP: 6/6
  2192 | D:3      | Reached skill level 5 in Long Blades
  2237 | D:3      | Found a glowing golden altar of the Shining One.
  2244 | D:3      | Became a worshipper of the Shining One
  2347 | D:3      | Found a faded altar of an unknown god.
  2693 | D:4      | Noticed Edmund
  2709 | D:4      | Killed Edmund
  2710 | D:4      | Reached XP level 6. HP: 20/38 MP: 7/7
  2773 | D:4      | Gained mutation: Your magical flight helps you evade
                  | attacks. (EV +4) [Tengu growth]
  2773 | D:4      | Reached XP level 7. HP: 31/44 MP: 8/8
  2964 | D:4      | Noticed Duvessa
  2964 | D:4      | Noticed Dowan
  2987 | D:4      | Killed Duvessa
  2988 | D:4      | Reached skill level 6 in Long Blades
  2993 | D:4      | Killed Dowan
  2994 | D:4      | Reached skill level 5 in Fighting
  3253 | D:4      | Found a broken altar of Ashenzari.
  3286 | D:4      | Found a glowing silver altar of Zin.
  3329 | D:4      | Found a runed translucent door.
  3342 | D:4      | Noticed BillyBaka's ghost (novice FoHu)
  3437 | D:4      | Noticed Grinder
  3443 | D:4      | Paralysed by Grinder for 5 turns
  3448 | D:4      | Killed Grinder
  3449 | D:4      | Reached skill level 5 in Dodging
  3449 | D:4      | Reached XP level 8. HP: 33/51 MP: 9/9
  3472 | D:4      | Found a runed translucent door.
  3653 | D:5      | Entered Level 5 of the Dungeon
  3743 | D:5      | Reached * piety under the Shining One
  3747 | D:5      | Reached skill level 7 in Long Blades
  3890 | D:5      | Noticed Pikel
  3918 | D:5      | Killed Pikel
  3919 | D:5      | Reached skill level 1 in Invocations
  3919 | D:5      | Reached XP level 9. HP: 13/56 MP: 9/11
  4160 | D:5      | Found Gymi Qeop's Mass Market.
  4171 | D:5      | Reached skill level 8 in Long Blades
  4444 | D:6      | Reached skill level 5 in Armour
  4620 | D:6      | Found a staircase to the Ecumenical Temple.
  4669 | D:6      | Identified a scroll of acquirement
  4669 | D:6      | Acquired a +2 heavy double sword
  4782 | D:6      | Found a runed translucent door.
  4782 | D:6      | Noticed Crazy Yiuf
  4851 | D:6      | Killed Crazy Yiuf
  5050 | D:4      | Killed BillyBaka's ghost
  5051 | D:4      | Reached skill level 9 in Long Blades
  5168 | D:7      | Reached ** piety under the Shining One
  5266 | D:7      | Found a hide-covered altar of Uskayaw.
  5365 | D:7      | Found a radiant altar of Vehumet.
  5371 | D:7      | Found an ancient bone altar of Kikubaaqudgha.
  5375 | D:7      | Reached XP level 10. HP: 64/64 MP: 13/13
  5378 | D:7      | Found a shimmering blue altar of Sif Muna.
  5543 | D:7      | Noticed Joseph
  5549 | D:7      | Killed Joseph
  5550 | D:7      | Reached skill level 10 in Long Blades
  5653 | D:8      | Reached skill level 11 in Long Blades
  6419 | D:9      | Noticed a kobold demonologist
  6420 | D:9      | Noticed a kobold demonologist
  6420 | D:9      | Noticed a kobold demonologist
  6425 | D:9      | Noticed a soul eater
  6425 | D:9      | Noticed an orange demon
  6432 | D:9      | Killed a kobold demonologist
  6433 | D:9      | Reached skill level 12 in Long Blades
  6434 | D:9      | Noticed a soul eater
  6436 | D:9      | Killed a kobold demonologist
  6437 | D:9      | Killed a kobold demonologist
  6729 | D:9      | Found an iron altar of Okawaru.
  6738 | D:9      | Reached skill level 13 in Long Blades
  7186 | D:9      | Reached XP level 11. HP: 45/68 MP: 14/14
  7285 | D:9      | Found a staircase to the Orcish Mines.
  7466 | D:10     | Entered Level 10 of the Dungeon
  7472 | D:10     | Reached skill level 14 in Long Blades
  7484 | D:10     | Found a shimmering altar of Xom.
  7513 | D:10     | You are sucked into a shaft and drop 3 floors!
  7559 | D:12     | Reached *** piety under the Shining One
  7679 | D:13     | Noticed a white ugly thing
  7894 | D:12     | Noticed a manticore
  7901 | D:12     | Killed a manticore
  7973 | D:12     | Noticed a centaur warrior
  7993 | D:12     | Noticed a white ugly thing
  8011 | D:12     | Killed a white ugly thing
  8012 | D:12     | Reached skill level 15 in Long Blades
  8014 | D:12     | Killed a centaur warrior
  8168 | D:11     | Noticed Lodul
  8263 | D:12     | Noticed a flayed ghost
  8279 | D:12     | Killed a flayed ghost
  8352 | D:12     | Reached skill level 16 in Long Blades
  8411 | D:12     | Noticed a boulder beetle
  8418 | D:12     | Killed a boulder beetle
  8920 | D:11     | Noticed Urug
  8920 | D:11     | Noticed a manticore
  8937 | D:11     | Killed Urug
  8952 | D:11     | Killed a manticore
  8978 | D:11     | Reached skill level 1 in Evocations
  8978 | D:11     | Reached XP level 12. HP: 71/73 MP: 15/15
  9276 | D:11     | Killed Lodul
  9434 | D:10     | Noticed Sonja
  9450 | D:10     | Killed Sonja
  9452 | D:10     | Reached **** piety under the Shining One
  9698 | D:10     | Noticed Grum
  9707 | D:10     | Killed Grum
  9731 | D:10     | Found a staircase to the Lair.
 10021 | Lair:1   | Entered Level 1 of the Lair of Beasts
 10103 | Lair:1   | Reached XP level 13. HP: 76/79 MP: 16/19
 10517 | Lair:1   | Found a runed translucent gate.
 10517 | Lair:1   | Found a runed translucent gate.
 10527 | Lair:1   | Found a runed translucent gate.
 10557 | Lair:1   | Noticed Frisbee's ghost (journeyman OpSh)
 10892 | Lair:2   | Found the +9 sword of Zonguldrok {reap}
 10902 | Lair:2   | Noticed Erica
 10909 | Lair:2   | Killed Erica
 11225 | Lair:2   | Reached XP level 14. HP: 86/86 MP: 20/20
 11285 | Lair:2   | Found a runed translucent gate.
 11286 | Lair:2   | Found a runed translucent gate.
 11287 | Lair:2   | Found a runed translucent gate.
 11289 | Lair:2   | Noticed brilapsti's ghost (journeyman TrFi)
 11529 | Lair:3   | HP: 2/86 [skyshark (15)]
 11777 | Lair:3   | Found a glowing silver altar of Zin.
 11887 | Lair:3   | Found a staircase to the Snake Pit.
 11942 | Lair:3   | Noticed Nergalle
 11954 | Lair:3   | Killed Nergalle
 12239 | Lair:3   | Found a staircase to the Shoals.
 12530 | Lair:4   | Identified the +0 robe "Meckerr" {rC- Str+3 Int+2 Stlth+}
 12560 | Lair:4   | Reached skill level 10 in Dodging
 12661 | Lair:4   | Reached ***** piety under the Shining One
 12941 | Lair:4   | Identified the +11 dagger "Eviscerator" {flame, rElec rPois
                  | rC-}
 13009 | Lair:5   | Entered Level 5 of the Lair of Beasts
 13032 | Lair:4   | Slain by a dream sheep

Illustrated notes

Levels and vault maps discovered:
D:1:      tarquinn_simple_flora_water_f, layout_basic, patterned_corridor
D:2:      layout_basic, hex_tiny, solitary_fountain,
          nicolae_elevator_lobby_asterisk
D:3:      layout_loops_corners, tso_altar, gup_sewer_entry_pipe,
          hellmonk_ecumenical_altar_run_dry, st_stairs_13
D:4:      layout_loops_corners, mainiacjoe_overflow_two_lobes,
          ebering_ghost_sewer_f, st_stairs_4, uniq_edmund, uniq_grinder,
          uniq_duvessa
D:5:      layout_basic, minmay_shop_mass, minmay_crystal_water, uniq_pikel
D:6:      layout_basic, minmay_temple_entry_offerings, chequers_big_river,
          sigmund_army, uniq_crazy_yiuf_cottage
D:7:      layout_cave_pools, palyth_temple_overflow_mages,
          mainiacjoe_overflow_24_doors, minmay_misc_feat_tiny, uniq_joseph
D:8:      layout_loops_cross
D:9:      layout_irregular_city, mainiacjoe_overflow_cross_hatched, david_orc_4,
          kennysheep_crisscross
D:10:     layout_rooms, xom_teletrap_fun, david_lair_generic, uniq_grum,
          uniq_sonja
D:11:     layout_basic, disabler_island, uniq_lodul, uniq_urug
D:12:     minmay_outward_triangles, layout_loops_ring, trog_hazing_becter
D:13:     layout_cave_pools, ebering_ghost_rock_garden,
          minmay_guarded_unrand_vampires_tooth
Lair:1:   layout_small_grid, gammafunk_ghost_icy
Lair:2:   layout_hall_layers, ebering_ghost_rock_garden, minivault_24,
          beast_lair_carwin_1, uniq_erica
Lair:3:   layout_hall_layers, shoals_dummy_entry,
          nicolae_snake_entry_warm_welcome, basic_altar, uniq_nergalle
Lair:4:   layout_cave_pods, grunt_forest_stairs_clearing, grunt_megastairs_3,
          lemuel_fruit_tree
Lair:5:   evil_forest, layout_cave_pods, nicolae_slime_entry_field_trip,
          dpeg_stationary_puzzle, grunt_megastairs_2, lemuel_fruit_fields,
          serial_bayou_shore_b

Skill      XL: |  1  2  3  4  5  6  7  8  9 10 11 12 13 14 |
---------------+-------------------------------------------+-----
Armour         | 1 2 3 4 5 6 7 8 9 |  9.7
Long Blades    | 4 5 6 7 9 13 16 | 16.9
Fighting       | 3 4 5 6 7 8 9 |  9.5
Dodging        | 4 5 6 7 8 9 10 | 10.3
Invocations    | 1 3 6 7 |  7.6
Evocations     | 1 6 7 |  7.5
Throwing       | |  2.0

Action                     |  1- 3 |  4- 6 |  7- 9 | 10-12 | 13-15 || total
---------------------------+-------+-------+-------+-------+-------++-------
  Melee: Long sword        |    76 |    84 |   166 |       |       ||   326
         Kick              |    15 |    25 |    72 |    83 |    94 ||   289
         Peck              |     7 |    14 |    43 |    54 |    72 ||   190
         Punch             |     1 |       |     5 |     5 |     5 ||    16
         Double sword      |       |       |    38 |   276 |   225 ||   539
         Great sword       |       |       |    18 |       |       ||    18
         Scimitar          |       |       |       |       |     4 ||     4
  Throw: Javelin           |     1 |       |       |       |       ||     1
         Dart              |     2 |     3 |       |     4 |       ||     9
         Throwing net      |       |     4 |       |       |     1 ||     5
         Boomerang         |       |       |    14 |    34 |     3 ||    51
 Invoke: Divine Shield     |       |       |     1 |     1 |       ||     2
         Cleansing Flame   |       |       |       |       |     1 ||     1
  Evoke: Lightning rod     |       |       |       |     2 |     1 ||     3
         Wand              |       |       |       |     2 |       ||     2
         Sack of spiders   |       |       |       |       |     1 ||     1
    Use: Scroll            |     2 |     4 |     6 |    17 |     4 ||    33
         Potion            |       |     1 |     3 |     2 |     1 ||     7
   Stab: Sleeping          |       |     1 |       |       |       ||     1
 Armour: Leather armour    |     4 |       |       |       |       ||     4
         Ring mail         |    15 |    34 |    76 |   188 |   123 ||   436
         Skin              |       |       |     4 |       |       ||     4
  Dodge: Dodged            |    62 |    61 |   158 |   289 |   227 ||   797
  Block: Other             |       |       |     1 |     4 |    49 ||    54
         Reflection        |       |       |       |       |     1 ||     1
